AoeStats
← 3szz

Black Forest

505459732Analyzed
1v1 RM · 23d ago on Sep 9, 2026· 37m 14s· 2 players
Game mode
Random Map
Map size
Tiny (2 player)
Population
200
Speed
Normal
Resources
Standard
Victory
Conquest
Starting age
Dark Age
Ending age
Imperial Age
RankedLock teamsTeams togetherTeam positionsShared explorationLock speedFull tech treeHidden civsTurbo modeCheats
Victory
Defeat
🇧🇪 Byzantines · Belgium
1600
+22
🇳🇴 Malians · Norway
1736
-22
PapayaPete
0:49 Loom
1:34 Loom
11:45 Feudal Age
15:43 Castle Age
14:16 Double-Bit Axe
14:57 Fishing Lines
21:06 Bow Saw
25:26 Gillnets
27:31 Gold Mining
27:32 Stone Mining
30:20 Imperial Age
29:07 Horse Collar
29:59 Scale Barding Armor
30:04 Forging
30:34 Wheelbarrow
29:44 Town Watch
30:02 Heavy Plow
31:43 Gold Shaft Mining
30:59 Stone Mining
31:28 Bloodlines
31:19 Husbandry
32:34 Chemistry
32:31 Chain Barding Armor
31:54 Cavalier
33:08 Hand Cart
34:31 Plate Barding Armor
34:18 Conscription
34:21 Onager
36:46 Fletching
37:23 Careening
37:24 Masonry
3szz
1:25 Loom
12:36 Feudal Age
16:09 Castle Age
14:23 Double-Bit Axe
17:35 Bow Saw
19:42 Wheelbarrow
19:01 Horse Collar
20:02 Heavy Plow
25:57 Hand Cart
25:42 Gold Mining
25:53 Fishing Lines
29:52 Imperial Age
27:26 Scale Mail Armor
27:36 Forging
27:30 Squires
27:51 Fletching
28:01 Padded Archer Armor
28:03 Gambesons
28:21 Gillnets
29:41 Gold Shaft Mining
29:29 Forging
29:35 Chain Mail Armor
30:23 Thumb Ring
30:35 Leather Archer Armor
30:56 Iron Casting
31:36 Chemistry
30:50 Bodkin Arrow
31:58 Two-Man Saw
31:29 Crop Rotation
30:27 Pikeman
32:01 Plate Mail Armor
32:04 Halberdier
33:30 Ring Archer Armor
33:29 Conscription
33:12 Stone Mining
33:52 Ballistics
33:13 Treadmill Crane
33:43 Bracer
34:18 Arson
Connection lost

Rejoining the realm…

Still unreachable

The connection could not be restored.

Session expired

The server has moved on; the page needs a fresh start.